 Dungeon Crawl Stone Soup version 0.25.1-2-g60ff931df9 (webtiles) character file.

Game seed: 14653272670870437224

2347 Curus the Carver (level 9, -1/70 HPs)
             Began as a Hill Orc Monk on Sept 3, 2020.
             Was an Elder of Okawaru.
             Slain by a killer bee (6 damage)
             ... on level 7 of the Dungeon.
             The game lasted 00:40:08 (10030 turns).

Curus the Carver (Hill Orc Monk)                   Turns: 10030, Time: 00:40:08

Health: -1/70      AC: 13    Str: 14    XL:     9   Next: 43%
Magic:  9/9        EV:  3    Int: 10    God:    Okawaru [****..]
Gold:   407        SH:  0    Dex: 16    Spells: 8/8 levels left

rFire    . . .     SeeInvis +   u - -1 scimitar
rCold    + . .     Gourm    .   s - +0 buckler
rNeg     . . .     Faith    .   w - +0 plate armour
rPois    .         Spirit   .   (no helmet)
rElec    .         Reflect  .   e - +2 cloak {MR+}
rCorr    .         Harm     .   (no gloves)
MR       ++...                  (no boots)
Stlth    ..........             d - amulet of magic regeneration
HPRegen  0.21/turn              j - ring of protection from magic
MPRegen  0.36/turn              l - ring of stealth

@: confused, lethally poisoned (-1 -> -19)
A: see invisible, cold resistance 1
a: Heroism, Renounce Religion


You were on level 7 of the Dungeon.
You worshipped Okawaru.
Okawaru was greatly pleased with you.
You were hungry.

You visited 1 branch of the dungeon, and saw 7 of its levels.

You collected 407 gold pieces.

Inventory:

Hand Weapons
 a - a +0 falchion
 u - a -1 scimitar (weapon)
Armour
 b - a +0 robe
 e - a +2 cloak of magic resistance (worn)
 h - a +2 leather armour
 q - a +0 ring mail
 s - a +0 buckler (worn)
 t - a +0 scale mail
 w - a +0 plate armour (worn)
Jewellery
 d - an amulet of magic regeneration (around neck)
 i - an uncursed ring of fire
 j - a ring of protection from magic (left hand)
 l - a ring of stealth (right hand)
Wands
 r - a wand of polymorph (7)
Scrolls
 f - 9 scrolls of identify
 g - 2 scrolls of remove curse
 o - a scroll of fog
 v - 2 scrolls of teleportation
Potions
 m - 4 potions of flight
 n - a potion of stabbing
Comestibles
 c - 16 rations


   Skills:
 - Level 3.6 Fighting
 + Level 13.3 Long Blades
 - Level 2.4 Dodging
 - Level 1.5 Stealth


You had 8 spell levels left.
You didn't know any spells.
Your spell library contained the following spells:

 Spells                   Type           Power        Failure   Level  Hunger
 Animate Skeleton         Necr           N/A          100%        1    ##.....
 Pain                     Necr           #...         100%        1    ##.....
 Vampiric Draining        Necr           #.........   100%        3    ####...
 Animate Dead             Necr           N/A          100%        4    #####..
 Agony                    Necr           #.......     100%        5    ######.


Dungeon Overview and Level Annotations

Branches:
Dungeon (7/15)             Temple (0/1) D:6

Altars:
Ashenzari
Fedhas
Okawaru
Trog
Uskayaw
Vehumet
Wu Jian
Xom
Yredelemnul

Shops:
D:5 [*%*


Innate Abilities, Weirdness & Mutations

You have supernaturally acute eyesight. (SInv)
Your flesh is cold resistant. (rC+)


Message History

The killer bee stings you but does no damage.
The killer bee stings you.
* * * LOW HITPOINT WARNING * * *
Unknown command.
You closely miss the killer bee.
The killer bee is almost dead.
* * * LOW HITPOINT WARNING * * *
You feel sick. The killer bee stings you.
* * * LOW HITPOINT WARNING * * *
The killer bee completely misses you.
You slash the killer bee!
You kill the killer bee!
Okawaru accepts your kill.
* * * LOW HITPOINT WARNING * * *
You feel sick. The killer bee stings you.
* * * LOW HITPOINT WARNING * * *
You miss the killer bee.
* * * LOW HITPOINT WARNING * * *
You feel sick. The killer bee stings you.
You die...

...# #.#................
...# .......
#.#......8.._.##### ...#
....... #.#.............#
#### ...y...
#..#'#.......##+## ...yy..
##.#.#..._.......# .......
#...##..........# .......
##..##..........#
.......####..######......#
.......'oy@.># #####+##
.......####### .......
#######


You could see a killer bee and an orc.

Vanquished Creatures
  Sigmund (D:2)
  Duvessa (D:4)
  A sky beast (D:7)
  3 orc warriors
  3 ogres (D:4)
  A necrophage (D:6)
  2 phantoms
  A centaur (D:6)
  A bullfrog (D:7)
  Dowan (D:4)
  2 jellies
  A scorpion (D:7)
  2 killer bees (D:7)
  A howler monkey (D:4)
  A quasit (D:6)
  3 hounds
  Crazy Yiuf (D:2)
  An orc priest (D:6)
  2 centaur skeletons
  4 orc wizards
  An iguana (D:3)
  Terence (D:3)
  3 worker ants
  10 adders
  4 gnolls (D:4)
  2 oozes (D:1)
  An adder zombie (D:7)
  3 adder skeletons
  4 worms (D:4)
  6 dart slugs
  2 leopard geckos
  11 orcs
  5 bats
  9 giant cockroaches
  9 goblins
  8 hobgoblins
  6 jackals
  2 quokkas
  3 ball pythons
  9 frilled lizards
  10 kobolds
  3 rats
145 creatures vanquished.

Vanquished Creatures (others)
  5 dream sheep (D:5)
5 creatures vanquished.

Grand Total: 150 creatures vanquished

Notes
Turn   | Place    | Note
-------+----------+-------------------------------------------
     0 | D:1      | Curus the Hill Orc Monk began the quest for the Orb.
     0 | D:1      | Reached XP level 1. HP: 19/19 MP: 1/1
   217 | D:1      | Reached skill level 4 in Long Blades
   217 | D:1      | Reached XP level 2. HP: 20/26 MP: 2/2
   653 | D:1      | Reached XP level 3. HP: 25/31 MP: 3/3
  1315 | D:1      | Reached skill level 5 in Long Blades
  1577 | D:2      | Reached XP level 4. HP: 39/39 MP: 4/4
  2302 | D:2      | Noticed Sigmund
  2318 | D:2      | Killed Sigmund
  2318 | D:2      | Reached skill level 7 in Long Blades
  2318 | D:2      | Reached XP level 5. HP: 18/45 MP: 5/5
  2318 | D:2      | Reached XP level 6. HP: 21/51 MP: 6/6
  2575 | D:2      | Gained mutation: Your flesh is cold resistant. (rC+)
                  | [potion of mutation]
  2575 | D:2      | Gained mutation: You have supernaturally acute eyesight.
                  | (SInv) [potion of mutation]
  3117 | D:2      | Found a runed translucent door.
  3118 | D:2      | Noticed Crazy Yiuf
  3157 | D:2      | Found an iron altar of Okawaru.
  3180 | D:2      | Became a worshipper of Warmaster Okawaru
  3180 | D:2      | Reached * piety under Okawaru
  3180 | D:2      | Reached ** piety under Okawaru
  3797 | D:2      | Killed Crazy Yiuf
  4235 | D:3      | Found a bloodstained altar of Trog.
  4332 | D:3      | Reached skill level 8 in Long Blades
  4367 | D:3      | Noticed Terence
  4375 | D:3      | Killed Terence
  4887 | D:4      | Reached XP level 7. HP: 30/57 MP: 7/7
  5207 | D:4      | Reached skill level 9 in Long Blades
  5575 | D:4      | You fall into a shaft and drop 1 floor!
  5575 | D:5      | Entered Level 5 of the Dungeon
  5752 | D:5      | Found Karhiqadgh's Food Shoppe.
  5769 | D:5      | Found Hait's General Store.
  5816 | D:4      | Reached skill level 10 in Long Blades
  6040 | D:4      | Noticed Duvessa
  6040 | D:4      | Noticed Dowan
  6060 | D:4      | Killed Duvessa
  6060 | D:4      | Reached XP level 8. HP: 59/64 MP: 8/8
  6064 | D:4      | Killed Dowan
  7012 | D:5      | Found a blossoming altar of Fedhas.
  7016 | D:5      | Found Duunu's General Store.
  7361 | D:5      | Found Ruomocsomihe's Armour Shoppe.
  7380 | D:5      | Noticed a dream sheep
  7380 | D:5      | Noticed a dream sheep
  7380 | D:5      | Noticed a dream sheep
  7380 | D:5      | Noticed a dream sheep
  7380 | D:5      | Noticed a dream sheep
  7380 | D:5      | Found a shimmering altar of Xom.
  7385 | D:5      | Killed a dream sheep
  7385 | D:5      | Killed a dream sheep
  7385 | D:5      | Killed a dream sheep
  7385 | D:5      | Killed a dream sheep
  7387 | D:5      | Killed a dream sheep
  7679 | D:5      | Reached *** piety under Okawaru
  7679 | D:5      | Reached skill level 11 in Long Blades
  7957 | D:6      | Found a hide-covered altar of Uskayaw.
  7976 | D:6      | Found a radiant altar of Vehumet.
  8399 | D:6      | Found a shattered altar of Ashenzari.
  8492 | D:6      | Reached skill level 12 in Long Blades
  8567 | D:6      | Found a staircase to the Ecumenical Temple.
  8800 | D:6      | Reached XP level 9. HP: 18/70 MP: 9/9
  9634 | D:7      | Found a bloodstained altar of Trog.
  9662 | D:7      | Reached skill level 13 in Long Blades
  9945 | D:7      | Found a basalt altar of Yredelemnul.
  9945 | D:7      | Found an ornate altar of the Wu Jian Council.
 10007 | D:7      | Reached **** piety under Okawaru
 10030 | D:7      | Slain by a killer bee

Illustrated notes

Levels and vault maps discovered:
D:1:      saegor_arrival_miasma, layout_loops_corners
D:2:      layout_basic, okawaru_ov_weapons_minmay, uniq_sigmund,
          uniq_crazy_yiuf_cottage
D:3:      layout_loops_ring, chequers_serial_rivers_micro_c, chequers_garden,
          bloody_trog, uniq_terence
D:4:      kennysheep_six_static_rooms, layout_basic, first_ration, uniq_duvessa
D:5:      layout_gridville, fedhas_altar_1, kb_xom_exploding_sheep,
          serial_shops, nicolae_shop_temple_entry_statues_fountains,
          nicolae_shop_behind_doors, shop, kennysheep_mini
D:6:      layout_basic, evilmike_ruin_ashenzari, lemuel_crystal_altar,
          nicolae_overflow_crystal_walls, temple_pool_b
D:7:      layout_basic, lemuel_crystal_altar, old_standard_altar,
          grunt_temple_overflow_open, grunt_ogre_cave, david_defended_altar_elf

Skill      XL: |  1  2  3  4  5  6  7  8  9 |
---------------+----------------------------+-----
Long Blades    | 4 5 7 8 10 12 13 | 13.3
Fighting       | |  3.6
Dodging        | |  2.4
Stealth        | |  1.5

Action                   |  1- 3 |  4- 6 |  7- 9 || total
-------------------------+-------+-------+-------++-------
Melee: Falchion          |    74 |   221 |   340 ||   635
       Punch             |       |       |     1 ||     1
       Scimitar          |       |       |   142 ||   142
Invok: Heroism           |       |     1 |     5 ||     6
  Use: Scroll            |     3 |     4 |     2 ||     9
       Potion            |     2 |     5 |     8 ||    15
 Stab: Sleeping          |     4 |    11 |     2 ||    17
  Eat: Chunk             |     2 |    11 |    12 ||    25
       Ration            |       |       |     1 ||     1
Armor: Robe              |     5 |       |       ||     5
       Leather armour    |     2 |    44 |    39 ||    85
       Skin              |       |     5 |       ||     5
       Scale mail        |       |       |    54 ||    54
       Ring mail         |       |       |    14 ||    14
       Plate armour      |       |       |    61 ||    61
Dodge: Dodged            |    51 |   105 |   159 ||   315
Block: Buckler           |       |       |    31 ||    31
       Rpst.: Falchion   |    18 |    25 |    43 ||    86
       Scimitar          |       |       |     7 ||     7
